 Dungeon Crawl Stone Soup version 0.31-a0-844-gdc52ec4e09 (webtiles) character file.

Game seed: 3169466641404746107

9 Bravepunisher the Ducker (level 2, 0/16 HPs)
             Began as a Spriggan Monk on Sept 29, 2023.
             Slain by a gnoll
             ... wielding a +0 whip
              (8 damage)
             ... on level 6 of the Dungeon.
             The game lasted 00:02:41 (625 turns).

Bravepunisher the Ducker (Spriggan Monk)             Turns: 625, Time: 00:02:41

Health: 0/16       AC:  2    Str:  7    XL:     2   Next: 3%
Magic:  3/3        EV: 19    Int: 11    God:
Gold:   43         SH:  0    Dex: 17    Spells: 1/1 levels left

rFire   . . .        a - +0 short sword
rCold   . . .        (no shield)
rNeg    . . .        b - +0 robe
rPois   .            (helmet restricted)
rElec   .            (no cloak)
rCorr   .            (gloves unavailable)
SInv    +            (boots unavailable)
Will    .....        (no amulet)
Stlth   ++           (no ring)
HPRegen 0.22/turn    (no ring)
MPRegen 0.08/turn

%: no passive effects
@: very quick
A: very small, no large weapons, unfitting armour, see invisible, speed 3
a: no special abilities


You were on level 6 of the Dungeon.
You visited 1 branch of the dungeon, and saw 6 of its levels.

You collected 43 gold pieces.

Inventory:

Hand Weapons
 a - a +0 short sword (weapon)
Armour
 b - a +0 robe (worn)
Jewellery
 d - an amulet of magic regeneration
 e - a ring of poison resistance
Scrolls
 g - a scroll of immolation {unknown}
Potions
 c - a potion of ambrosia
 f - a potion of curing {unknown}


   Skills:
 * Level 2.8 Fighting
 - Level 3.2 Short Blades
 + Level 4.2 Dodging


You had one spell level left.
You didn't know any spells.
Your spell library was empty.

Dungeon Overview and Level Annotations

Branches:
Dungeon (6/15)
 Temple: D:4-7

Altars:

Shops:
D:5 :


Innate Abilities, Weirdness & Mutations

You are very small and have problems with some larger weapons.
You are too small for most types of armour.
You have supernaturally acute eyesight. (SInv)
You cover ground extremely quickly. (Speed+++)


Message History

You hit the adder.
The adder is lightly wounded.
The adder closely misses you. x2
You miss the adder.
The adder is lightly wounded.
The adder closely misses you.
Found a scroll labelled AFOSOE TAUZOFFEFA.
g - a scroll labelled AFOSOE TAUZOFFEFA
Found a bubbling clear potion.
Found 13 gold pieces.
An iguana comes into view.
The iguana barely misses you. The iguana attacks as it pursues you!
The iguana misses you.
Found a scroll labelled XOSHAI LORAO.
A scorpion comes into view.
You see here 13 gold pieces.
Found an escape hatch in the floor.
There is an escape hatch in the floor here.
You slide downwards.
The hatch slams shut behind you.
Found a stone staircase leading up.
The bullfrog gives a loud, deep croak!
As you open the door, it creaks loudly! 3 gnolls come into view.
The gnoll shouts! x3
The bullfrog hits you but does no damage.
You hit the bullfrog.
The bullfrog is lightly wounded.
The bullfrog misses you.
You hit the bullfrog.
The bullfrog is moderately wounded.
The bullfrog closely misses you. The gnoll hits you with a +0 flail!
Ouch! That really hurt!
You hit the bullfrog but do no damage.
The bullfrog is moderately wounded.
The bullfrog barely misses you.
You hit the bullfrog but do no damage.
The bullfrog is moderately wounded.
The bullfrog misses you. The gnoll hits you with a +0 whip!
Ouch! That really hurt!
You die...

###<#
+.#.# .
#...##Y..
#........
#..# +.##
#Y# #F#
#@# #gg#
.g###
.... ##+#


You could see a sky beast, a bullfrog and 3 gnolls.

Vanquished Creatures
  An orc (D:4)
  A bat (D:1)
  A goblin (D:1)
  A hobgoblin (D:2)
  A quokka (D:4)
  A ball python (D:4)
  A frilled lizard (D:2)
7 creatures vanquished.

Notes
Turn   | Place    | Note
-------+----------+-------------------------------------------
     0 | D:1      | Bravepunisher the Spriggan Monk began the quest for the
                  | Orb.
     0 | D:1      | Reached XP level 1. HP: 11/11 MP: 2/2
   217 | D:4      | Reached XP level 2. HP: 10/16 MP: 3/3
   301 | D:4      | Noticed an ice beast
   329 | D:4      | Noticed an ice beast
   356 | D:5      | Entered Level 5 of the Dungeon
   356 | D:5      | Found Qocrusul's Book Shoppe.
   392 | D:5      | Noticed a gnoll sergeant
   397 | D:5      | Noticed a phantom
   416 | D:4      | Noticed a black bear
   547 | D:5      | Noticed a scorpion
   616 | D:6      | Noticed a sky beast
   616 | D:6      | Noticed a bullfrog
   625 | D:6      | Slain by a gnoll

Illustrated notes

Levels and vault maps discovered:
D:1:      psy_arrival_whirlpool, layout_basic, reono_crystal_passage
D:2:      layout_basic, hellmonk_ecumenical_altar_lost_god, basic_altar,
          dreamdust_wishing_well, uniq_jessica, uniq_robin, uniq_terence
D:3:      layout_basic
D:4:      layout_basic, minmay_bent
D:5:      layout_basic, mainiacjoe_overflow_alcove_4, serial_shops,
          nicolae_stop_n_shop_2, serial_bayou_crossing, uniq_crazy_yiuf_cottage
D:6:      minmay_chambers_of_sixes, layout_rooms,
          nicolae_gozag_cash_rules_everything_around_me,
          mainiacjoe_overflow_24_doors, okawaru_gym_becter, uniq_duvessa

Action                     || total
---------------------------++-------
  Melee: Short sword       ||    36
 Armour: Robe              ||     9
  Dodge: Dodged            ||    44

Table legend: (Time is in decaauts)
 A = Elapsed time spent in this place.
 B = Non-inter-level travel time spent in this place.
 C = Inter-level travel time spent in this place.
 D = Time resting spent in this place.
 E = Time spent auto-exploring this place.
 F = Levels seen in this place.
 G = Mean time per level.
                   A        B        C        D        E       F      G
               +--------+--------+--------+--------+--------+-----+--------+
         Total |    420 |    420 |      0 |     16 |    116 |   6 |   70.0 |
       Dungeon |    420 |    420 |      0 |     16 |    116 |   6 |   70.0 |
               +--------+--------+--------+--------+--------+-----+--------+

Top non-repeatable levels by time:
     D:5: 164 daAuts
     D:4: 147 daAuts
     D:1: 54 daAuts
     D:2: 42 daAuts
     D:6: 6 daAuts
     D:3: 4 daAuts
